 Dungeon Crawl Stone Soup version 0.19.0-18-g426998a (webtiles) character file.

91 Madoushi the Grave Robber (level 4, -9/37 HPs)
             Began as a Deep Dwarf Necromancer on Nov 12, 2016.
             Shot with an arrow by a centaur (10 damage)
             ... on level 6 of the Dungeon.
             The game lasted 00:11:06 (1255 turns).

Madoushi the Grave Robber (Deep Dwarf Necromancer)  Turns: 1255, Time: 00:11:08

Health: -9/37      AC:  5    Str: 12    XL:     4   Next: 33%
Magic:  7/7        EV: 11    Int: 16    God:
Gold:   113        SH:  0    Dex: 13    Spells: 3 memorised, 2 levels left

rFire  . . .     SeeInvis .     u - +0 club
rCold  . . .     Gourm    .     h - +0 ring mail
rNeg   . . .     Faith    .     (no shield)
rPois  .         Spirit   .     (no helmet)
rElec  .         Reflect  .     (no cloak)
rCorr  .         Harm     .     (no gloves)
MR     .....                    (no boots)
Stlth  +.........               (no amulet)
                                (no ring)
                                (no ring)

@: non-regenerating
A: damage resistance, recharge devices, sense surroundings 1, slow regeneration
3
a: Device Recharging


You were on level 6 of the Dungeon.
You were not hungry.

You visited 1 branch of the dungeon, and saw 4 of its levels.

You collected 113 gold pieces.

Inventory:

Hand Weapons
 e - a +0 short sword
 f - a +0 dagger
 i - a +0 whip
 t - a +0 blowgun
 u - a +0 club (weapon)
Missiles
 p - 3 stones (quivered)
 q - 31 bolts
 v - 16 poisoned needles
Armour
 a - a +0 robe
 h - a +0 ring mail (worn)
 k - a +0 scale mail
 o - a +0 robe
 w - a +0 leather armour
Wands
 c - a wand of heal wounds (3/9)
 n - a wand of flame (19/48)
Scrolls
 j - a scroll of enchant armour {unknown}
 l - a scroll of random uselessness {unknown}
 r - 3 scrolls of identify {unknown}
 s - a scroll of teleportation {unknown}
Potions
 m - a potion of heal wounds {unknown}
 x - 2 potions of invisibility {unknown}
Books
 b - a book of Necromancy

   Spells                             Type                      Level
   a - Pain                           Necromancy                   1
   b - Animate Skeleton               Necromancy                   1
   c - Vampiric Draining              Necromancy                   3
   d - Regeneration                   Charms/Necromancy            3
   e - Animate Dead                   Necromancy                   4
   f - Control Undead                 Necromancy                   4
Comestibles
 d - 2 bread rations
 g - a meat ration


   Skills:
 + Level 0.8 Fighting
 + Level 1.3 Short Blades
 + Level 0.2 Maces & Flails
 + Level 1.4 Armour
 + Level 2.6 Dodging
 + Level 2.5 Stealth
 + Level 2.2 Spellcasting
 + Level 4.9 Necromancy


You had 2 spell levels left.
You knew the following spells:

 Your Spells              Type           Power        Failure   Level  Hunger
a - Pain                  Necr           ###.         8%          1    #......
b - Vampiric Draining     Necr           ###.......   17%         3    ###....
c - Animate Skeleton      Necr           N/A          8%          1    #......


Dungeon Overview and Level Annotations

Branches:
Dungeon (3/15)

Altars:


Innate Abilities, Weirdness & Mutations

You are resistant to damage.
You can recharge devices by infusing magical energy.
You passively map a small area around you.
You do not regenerate.


Message History

A centaur comes into view.
The centaur shouts!
The orc wizard shouts!
The centaur wields a shortbow.
The centaur shoots an arrow.
The arrow hits you.
An orc comes into view.
You see here an arrow.
The centaur shoots an arrow.
The arrow hits you!
* * * LOW HITPOINT WARNING * * *
You see here an arrow.
The centaur shoots an arrow.
The arrow hits you but does no damage.
The centaur shoots an arrow.
The arrow misses you.
You see here an arrow.
Casting: Pain
Confirm with . or Enter, or press ? or * to list all spells.
You can't see any susceptible monsters within range! (Use Z to cast anyway.)
The centaur shoots an arrow.
The arrow misses you.
You see here an arrow.
The centaur shoots an arrow.
The arrow hits you.
* * * LOW HITPOINT WARNING * * *
The centaur shoots an arrow.
The arrow hits you!
You die...

,.... ,#.......# , ..........#
.... #.......# ..........#
..... #.......#, , .........#
..>..,#.......#######........#
......#.............#........#
......#'###+####....#........#
......c........#....'........#
.......(o(.((..#....#........#
,
............(@.##+###........'
,
oo...........................#
......?..............##+######
...##########+#......#......##
... , ......#........ .. ,
......#........ ,
......#........ ,, * ,
......#......## , ,#......*#


You could see a centaur and an orc wizard.

Vanquished Creatures
  Natasha (D:3)
  4 adders
  A leopard gecko (D:3)
  A giant cockroach (D:1)
  5 goblins
  A hobgoblin (D:3)
  A quokka (D:2)
  3 bats
  2 frilled lizards (D:2)
  4 kobolds
  10 rats
33 creatures vanquished.

Notes
Turn   | Place    | Note
-------+----------+-------------------------------------------
     0 | D:1      | Madoushi the Deep Dwarf Necromancer began the quest for the Orb.
     0 | D:1      | Reached XP level 1. HP: 15/15 MP: 3/3
   329 | D:1      | Reached XP level 2. HP: 20/22 MP: 2/4
   620 | D:2      | Reached skill level 1 in Short Blades
   620 | D:2      | Reached XP level 3. HP: 17/30 MP: 3/6
   841 | D:3      | Reached skill level 1 in Armour
   883 | D:3      | Learned a level 3 spell: Vampiric Draining
   885 | D:3      | Learned a level 1 spell: Animate Skeleton
   903 | D:3      | Noticed Natasha
   910 | D:3      | Killed Natasha
   910 | D:3      | Reached XP level 4. HP: 17/37 MP: 0/7
  1179 | D:3      | You fall through a shaft for 3 floors!
  1248 | D:6      | Noticed a centaur
  1254 | D:6      | HP: 1/37 [centaur/arrow (4)]
  1255 | D:6      | Shot with an arrow by a centaur

Skill      XL: |  1  2  3 |
---------------+----------+-----
Short Blades   | 1 |  1.3
Spellcasting   | 2 |  2.2
Armour         | 1 |  1.4
Fighting       | |  0.8
Maces & Flails | |  0.2
Dodging        | |  2.6
Stealth        | |  2.5
Necromancy     | |  4.9

Action                   |  1- 3 |  4- 6 || total
-------------------------+-------+-------++-------
Melee: Short sword       |    89 |       ||    89
       Club              |     1 |    34 ||    35
 Cast: Pain              |    25 |     2 ||    27
       Vampiric Draining |       |     2 ||     2
       Animate Skeleton  |       |     1 ||     1
Evoke: Wand              |     2 |       ||     2
  Eat: Bread ration      |     1 |       ||     1
Armor: Ring mail         |    65 |    20 ||    85
Dodge: Dodged            |   102 |    36 ||   138
